Unix NetHack Version 5.0.0-0 post-release - last build Jun 10 2026 00:39:30 (3ee93aec679c4c4259841fe613dc97188e26a321,branch:main).

Game began 2026-06-21 00:17:18, ended 2026-06-21 00:36:17.

Drastanta, lawful male human Priest

                                --------   ----
                                |......-----..|
                                |.......^.....|
                                |......------^|
                                |......|    |.|
                                |----.------|.|
                                |.....|....||.|
                                |....a|00..||.|
                                |...0a@%...-|^|
                                |....---...>|<|
                                ------ --------

Drastanta the Acolyte        St:11 Dx:13 Co:16 In:10 Wi:18 Ch:8  Lawful
Dlvl:5  $:83 HP:0(43) Pw:65(65) AC:4  Xp:5 T:2946 

Latest messages:
 With great effort you move the boulder.
 You see here a jackal corpse.
 The quivering blob touches you!
 You miss the quivering blob.
 You hit the quivering blob.
 You miss the quivering blob.
 You hit the quivering blob!
 You miss the quivering blob.
 You hit the quivering blob!
 You hit the quivering blob.
 You hit the quivering blob!
 You miss the quivering blob.
 You miss the quivering blob.
 You kill the quivering blob!
 You miss the fire ant.
 The fire ant bites!
 The fire ant misses!
 You hit the fire ant!
 The fire ant bites!
 The fire ant bites again!
 You avoid harm.
 The fire ant bites!
 The fire ant misses!
 The fire ant bites!
 The fire ant bites again!
 You're on fire!
 Are you sure you want to pray? [yn] (n) y
 You begin praying to Athena.
 You are surrounded by a shimmering light.
 The fire ant starts to attack you, but pulls back.
 The fire ant starts to attack you, but pulls back.
 The fire ant starts to attack you, but pulls back.
 The fire ant starts to attack you, but pulls back.
 The fire ant starts to attack you, but pulls back.
 The fire ant starts to attack you, but pulls back.
 The fire ant starts to attack you, but pulls back.
 The fire ant starts to attack you, but pulls back.
 The fire ant starts to attack you, but pulls back.
 The fire ant starts to attack you, but pulls back.
 You finish your prayer.
 You feel that Athena is well-pleased.
 The fire ant bites!
 The fire ant bites again!
 You avoid harm.
 The fire ant bites!
 The fire ant bites again!
 You're on fire!
 You die...
 Do you want your possessions identified? [ynq] (y) y
 Do you want to see your attributes? [ynq] (y) q

Inventory:
 Coins    ('$')
  $ - 83 gold pieces
 Weapons  (')')
  a - a blessed +1 mace (weapon in right hand)
 Armor    ('[')
  q - a +0 pair of jumping boots (being worn)
  c - a +0 small shield (being worn)
  b - a +0 robe
  n - a +0 robe (being worn)
  w - a +0 leather armor (being worn)
 Comestibles  ('%')
  z - a Can of White Monster
  e - 2 cloves of garlic
  j - a eucalyptus leaf
  p - 5 food rations
  f - a sprig of wolfsbane
  B - 2 tripe rations
 Scrolls  ('?')
  A - 2 scrolls of earth
  r - a cursed scroll of identify
  t - a scroll of light
  x - a scroll of teleportation
 Spellbooks  ('+')
  i - a spellbook of fireball
  h - a spellbook of healing
  g - a spellbook of light
  v - a spellbook of magic missile
 Potions  ('!')
  s - a potion of paralysis
  d - 4 potions of holy water
 Wands    ('/')
  y - a wand of light (0:12)
 Tools    ('(')
  m - a wax candle

Drastanta the Priest's attributes:

Background:
 You were an Acolyte, a level 5 human Priest.
 You were lawful, on a mission for Athena
 who was opposed by Hermes (neutral) and Poseidon (chaotic).
 You were right-handed.
 You were in Sokoban, on level 5.
 You entered the dungeon 2946 turns ago.
 It was the midnight hour.
 You had 265 experience points, 55 more were needed to attain level 6.

Basics:
 You had 0 out of 43 hit points.
 You had all 65 energy points (spell power).
 Your armor class was 4.
 Your wallet contained 83 zorkmids.
 Autopickup was on for '$' plus thrown.

Final Characteristics:
 Your strength was 11 (limit:18/100).
 Your dexterity was 13 (limit:18).
 Your constitution was 16 (limit:18).
 Your intelligence was 10 (limit:18).
 Your wisdom was 18 (limit:18).
 Your charisma was 8 (limit:18).

Final Status:
 You weren't hungry.
 You were unencumbered.
 You were wielding a mace.
 You had basic skill with mace and could have enhanced that.

Final Attributes:
 You were piously aligned.
 You could jump.
 You were guarded.
 Your spell casting was enhanced by wearing a robe.
 You are dead.

Miscellaneous:
 You didn't encounter any bones levels.
 Total elapsed playing time was 18 minutes and 58 seconds.

Major events:
 Turn
    1: Drastanta the lawful human Priest entered the dungeon
 1599: attained the rank of Acolyte (level 3)
 2564: entered Sokoban
 2946: killed by a fire ant

Spells:
 Name                 Level Category     Fail Retention
 light                  1   clerical       0%   81%-90%
 healing                1   healing        0%  76%-100%

Skills:
 Fighting Skills
   bare handed combat [Unskilled]
 Weapon Skills
   club               [Unskilled]
   mace               [Basic]
   morning star       [Unskilled]
   flail              [Unskilled]
   hammer             [Unskilled]
   quarterstaff       [Unskilled]
   polearms           [Unskilled]
   spear              [Unskilled]
   trident            [Unskilled]
   lance              [Unskilled]
   bow                [Unskilled]
   sling              [Unskilled]
   crossbow           [Unskilled]
   dart               [Unskilled]
   shuriken           [Unskilled]
   boomerang          [Unskilled]
   unicorn horn       [Unskilled]
 Spellcasting Skills
   healing spells     [Unskilled]
   divination spells  [Unskilled]
   clerical spells    [Basic]

Voluntary challenges:
 Character rerolling was not enabled.
 You were illiterate.
 You never genocided any monsters.
 You never polymorphed an object.
 You never changed form.
 You used no wishes.
 You did not violate any of the special Sokoban rules.
Achievements:
 You entered a shop.
 You attained the rank of Acolyte.
 You entered Sokoban.

 The Dungeons of Doom: levels 1 to 8
    Level 1:
    Level 2:
       An armor shop, a fountain.
    Level 3:
       A fountain.
    Level 4:
       Some altars, a fountain.
    Level 5:
       Many fountains.
    Level 6:
       Stairs up to Sokoban, level 5.
    Level 7:
    Level 8:
 Sokoban:
    Level 5: <- You were here.
       Unsolved.
       Final resting place for
          you, killed by a fire ant.


Vanquished creatures:
  2 quivering blobs
  a dog
  a water nymph
  a Mordor orc
  a violet fungus
  a gnome leader
  a little dog
  a kitten
  a homunculus
  a rothe
  2 giant bats
  a dwarf zombie
 an iguana
  2 coyotes
  a gas spore
  a hobbit
  a brown mold
  a red mold
  5 geckos
 10 jackals
  a kobold
  2 goblins
  a sewer rat
  6 grid bugs
  7 lichens
  3 kobold zombies
  6 newts
62 creatures vanquished.

No species were genocided or became extinct.

Game over:
                       ----------
                      /          \
                     /    REST    \
                    /      IN      \
                   /     PEACE      \
                  /                  \
                  |    Drastanta     |
                  |      83 Au       |
                  | killed by a fire |
                  |       ant        |
                  |                  |
                  |                  |
                  |       2026       |
                 *|     *  *  *      | *
        _________)/\\_//(\/(/\)/\//\/|_)_______

Goodbye Drastanta the Priest...

You died in Sokoban on dungeon level 5 with 1485 points,
and 83 pieces of gold, after 2946 moves.
You were level 5 with a maximum of 43 hit points when you died.

